 Dungeon Crawl Stone Soup version 0.30-a0-800-g7c544603b3 (webtiles) character file.

Game seed: 2210700085961447982

78471 themarg the Warrior (level 15, -2/129 HPs)
             Began as a Merfolk Gladiator on Feb 22, 2023.
             Was an Initiate of Gozag.
             Killed by an exploding bloated husk (24 damage)
             ... on level 1 of the Swamp.
             The game lasted 01:53:44 (33737 turns).

themarg the Warrior (Merfolk Gladiator)            Turns: 33737, Time: 01:53:44

Health: -2/129     AC: 17    Str: 17    XL:     15   Next: 60%
Magic:  15/15      EV: 24    Int:  7    God:    Gozag
Gold:   3303       SH: 12    Dex: 21    Spells: 14/14 levels left

rFire   . . .      SeeInvis +    a - +0 trident
rCold   . . .      Faith    .    Q - +0 buckler
rNeg    . . .      Spirit   .    t - +1 chain mail {rPois}
rPois   +          Reflect  +    c - +2 helmet
rElec   .          Harm     .    w - +0 cloak
rCorr   +          Rampage  .    (no gloves)
Will    ++...                    (boots currently unavailable)
Stlth   ++                       O - amulet of the First Artisans {Reflect rCorr SH+5 SInv Stlth+}
HPRegen 0.41/turn                k - ring of willpower
MPRegen 0.14/turn                E - +5 ring of evasion

@: mighty, brilliant, gold aura, hasted and slowed, invisible, very quick
A: nimble swimmer 2, mertail
a: Renounce Religion, Potion Petition, Call Merchant, Bribe Branch


You were on level 1 of the Swamp.
You worshipped Gozag.
Gozag was most pleased with you.
You visited 5 branches of the dungeon, and saw 21 of its levels.
You also visited: Sewer.

You collected 7159 gold pieces.
You paid 3856 gold pieces to Gozag.

Inventory:

Hand Weapons
 a - a +0 trident (weapon)
Missiles
 d - 2 throwing nets
 e - 6 javelins
 g - 22 poisoned darts
 C - 3 curare-tipped darts
 H - 5 silver javelins
 T - 9 boomerangs
Armour
 c - a +2 helmet (worn)
 t - a +1 chain mail of poison resistance (worn)
 w - a +0 cloak (worn)
 Q - a +0 buckler (worn)
 W - a +2 pair of boots (melded)
 X - a +0 kite shield
Jewellery
 k - a ring of willpower (left hand)
 E - a +5 ring of evasion (right hand)
 N - a ring of resist corrosion
 O - the amulet of the First Artisans (around neck) {Reflect rCorr SH+5 SInv Stlth+}
   (You found it on level 8 of the Dungeon)

   [amulet of reflection]

   It reflects blocked missile attacks.
   SInv:      It lets you see invisible.
   rCorr:     It protects you from acid and corrosion.
   SH:        It affects your SH (+5).
   Stlth:     It makes you more stealthy.
Wands
 l - a wand of iceblast (17)
 y - a wand of flame (23)
 K - a wand of paralysis (15)
 M - a wand of digging (14)
 V - a wand of acid (1) (quivered)
Scrolls
 i - 3 scrolls of fog
 m - a scroll of brand weapon {unknown}
 n - 4 scrolls of enchant weapon
 o - 15 scrolls of teleportation
 q - a scroll of summoning {unknown}
 r - 3 scrolls of vulnerability {unknown}
 s - 3 scrolls of magic mapping
 x - a scroll of immolation {unknown}
 B - 2 scrolls of blinking
 F - a scroll of acquirement {unknown}
 J - a scroll of poison
 P - 2 scrolls of amnesia
 S - a scroll of fear
 U - a scroll of torment {unknown}
 Z - a scroll of identify
Potions
 f - 7 potions of curing
 h - 3 potions of brilliance
 j - 3 potions of resistance
 p - 7 potions of lignification
 u - 5 potions of attraction
 v - a potion of flight
 z - 3 potions of magic
 A - 4 potions of ambrosia
 D - a potion of invisibility
 G - 3 potions of cancellation
 I - a potion of heal wounds
 L - 3 potions of mutation
 R - a potion of haste
 Y - 2 potions of might {unknown}
Miscellaneous
 b - a condenser vane (inert)


   Skills:
 - Level 15.0 Fighting
 - Level 14.0 Polearms
 - Level 6.0 Throwing
 + Level 10.7 Armour
 - Level 15.0 Dodging
 - Level 3.0 Stealth
 + Level 10.0 Shields
 - Level 5.0 Evocations


You had 14 spell levels left.
You didn't know any spells.
Your spell library contained the following spells:

 Spells                   Type           Power      Damage    Failure   Level
 Kiss of Death            Conj/Necr      0%         2d5       99%         1
 Magic Dart               Conj           0%         1d3       99%         1
 Slow                     Hex            0%         N/A       99%         1
 Call Imp                 Summ           0%         N/A       100%        2
 Ensorcelled Hibernation  Hex/Ice        0%         N/A       100%        2
 Lesser Beckoning         Tloc           0%         N/A       100%        2
 Scorch                   Fire           0%         2d5       100%        2
 Wereblood                Tmut           0%         N/A       100%        2
 Confusing Touch          Hex            0%         N/A       100%        3
 Frozen Ramparts          Ice            0%         1d1       100%        3
 Gell's Gravitas          Tloc           0%         N/A       100%        3
 Ignite Poison            Fire/Tmut/Pois 0%         N/A       100%        3
 Mephitic Cloud           Conj/Pois/Air  0%         N/A       100%        3
 Spider Form              Tmut/Pois      0%         N/A       100%        3
 Teleport Other           Tloc           0%         N/A       100%        3
 Vampiric Draining        Necr           0%         2d6       100%        3
 Anguish                  Hex/Necr       0%         N/A       100%        4
 Dispel Undead            Necr           0%         3d6       100%        4
 Flame Wave               Conj/Fire      0%         2d4       100%        4
 Ice Form                 Ice/Tmut       0%         N/A       100%        4
 Leda's Liquefaction      Hex/Erth       0%         N/A       100%        4
 Passage of Golubria      Tloc           0%         N/A       100%        4
 Sticky Flame             Conj/Fire      0%         2d3       100%        4
 Summon Ice Beast         Ice/Summ       0%         N/A       100%        4
 Summon Lightning Spire   Summ/Air       0%         N/A       100%        4
 Metabolic Englaciation   Hex/Ice        0%         N/A       100%        5
 Silence                  Hex/Air        0%         N/A       100%        5
 Iron Shot                Conj/Erth      0%         9d1       100%        6
 Summon Cactus Giant      Summ           0%         N/A       100%        6
 Ignition                 Fire           0%         3d3       100%        8
 Lehudib's Crystal Spear  Conj/Erth      0%         10d2      100%        8


Dungeon Overview and Level Annotations

Branches:
Dungeon (12/15)            Temple (1/1) D:5            Lair (5/5) D:11
  Swamp (1/4) Lair:3        Snake (0/4) Lair:2        Slime (0/5) Lair:5
    Orc (2/2) D:10            Elf (0/3) Orc:2         Sewer (visited)

Altars:
Ashenzari
Cheibriados
Dithmenos
Elyvilon
Fedhas
Gozag
Hepliaklqana
Kikubaaqudgha
Makhleb
Nemelex Xobeh
Okawaru
Qazlal
Ru
Sif Muna
Trog
Uskayaw
Vehumet
Wu Jian
Xom
Yredelemnul
Zin
The Shining One

Shops:
D:1 [   D:5 (   D:8 =   Orc:2 =*[(

Annotations:
D:2 1 runed translucent door, exclusions: door and 1 more exclusion, Crazy Yiuf
D:9 1 runed translucent door, exclusions: door and downstairs, mistaj's ghost, novice VSFi
Lair:2 exclusion: 2 death yaks


Innate Abilities, Weirdness & Mutations

You are very nimble when in or above water. (Stealth+, EV+, Speed+++)
Your lower body shifts to a powerful aquatic tail in water.


Message History

* * * LOW HITPOINT WARNING * * *
The bog body casts a spell at you. The bolt of cold misses you.
The will-o-the-wisp engulfs you but does no damage.
The tyrant leech is distracted by your dazzling golden aura. [a] - 638 gold - invisibility, might and resistance [b] - 567 gold - heal wounds, magic, haste and brilliance [c] - 364 gold - haste and brilliance Purchase which effect?
You feel much better. Magic courses through your body.
You feel yourself speed up.
You feel clever all of a sudden.
You are engulfed in a cloud of scalding steam.
The eight-headed hydra seems to regain its courage.
The will-o-the-wisp barely misses you.
The bog body misses you. [a] - 312 gold - heal wounds and magic [b] - 870 gold - heal wounds, curing, berserk rage, lignification, might and resistance [c] - 336 gold - invisibility and might Purchase which effect?
You fade into invisibility!
You feel very mighty all of a sudden.
You are engulfed in a cloud of scalding steam.
The bloated husk is no longer distracted by gold.
The eight-headed hydra is no longer distracted by gold.
The vampire mosquito is no longer distracted by gold.
The bunyip seems to regain its courage.
The vampire mosquito completely misses you.
The vampire mosquito barely misses you.
The will-o-the-wisp engulfs you but does no damage.
The bog body gestures at you while chanting.
The bolt of cold misses you.
The bolt of cold hits the bloated husk!
The bloated husk resists.
You puncture the bog body!
The bog body is moderately damaged.
The bloated husk is engulfed in a cloud of scalding steam.
The bloated husk explodes!
The blast of putrescent gases engulfs the will-o-the-wisp!!!
The will-o-the-wisp is destroyed!
The blast of putrescent gases engulfs you!!
You die...
Your body crumbles into a pile of gold.

♣♣.~~~.♣~...♣
.♣♣~~~~♣?♣~...♣♣♣
~~~~.§~~§♣~..~!.♣♣♣
~.~~.~~.~~..D~[ ~.♣♣
§.§..♣~~~~~~~♣ ..~.♣
~~♣~~~♣~~~D~.♣♣~...♣
$
~~~....~...♣.$.~~~~~
~~v.~~~~.~.yn♣.♣~.~.$
.~~...§~~~~$@§..~§~~
♣♣♣.♣.~♣~~~§§§♣♣~>.~
♣.~♣...~♣~°♣♣ .~ ♣.~
♣.♣.....♣ ♣♣
..♣♣♣..~°♣ ...
♣♣x§~w♣ ♣..~ ♣♣....
..~~ ♣♣.§~. ♣..~.


You could see a bunyip, an eight-headed hydra (fleeing, corroded), a swamp
dragon, a tyrant leech, a bog body and a vampire mosquito.

Vanquished Creatures
  Gastronok (Lair:3)
  An orc warlord (Orc:2)
  2 hydras
  An ogre mage (Orc:2)
  A catoblepas (Lair:5)
  A centaur warrior (D:12)
  Fannar (D:10)
  4 boulder beetles
  7 two-headed ogres
  5 orc high priests
  A skyshark (Lair:5)
  A lindwurm (Lair:3)
  A bog body (Swamp:1)
  5 orc knights
  2 necromancers (D:11)
  A deep elf pyromancer (D:9)
  3 orc sorcerers
  3 cyclopes
  A salamander (Lair:2)
  6 centaur zombies (D:11)
  Joseph (D:9)
  3 black mambas
  A torpor snail (Lair:5)
  A gargoyle (D:11)
  4 centaur skeletons (D:11)
  2 unseen horrors
  8 komodo dragons
  24 cane toads
  5 kobold demonologists
  4 tyrant leeches (Lair:5)
  3 trolls
  4 polar bears
  A hornet (D:9)
  39 blink frogs
  4 dream sheep (Lair:3)
  A meliai zombie (D:11)
  Sigmund (D:3)
  8 shadows
  4 flying skulls (D:11)
  46 yaks
  6 wraiths
  9 wyverns
  7 slime creatures
  4 fire bats (Orc:2)
  15 vampire mosquitoes
  2 basilisks
  4 wargs
  An acid dragon (D:12)
  14 water moccasins
  6 black bears
  A sky beast (D:5)
  3 ice beasts (D:6)
  31 orc warriors
  10 ogres
  3 phantoms
  29 wolves
  3 centaurs
  2 necrophages (D:4)
  8 kobold brigands
  22 bullfrogs
  3 scorpions
  A wight (D:11)
  3 howler monkeys
  An electric eel (Lair:1)
  3 lava snakes
  4 jellies
  9 hounds
  A gnoll bouda (D:8)
  30 orc priests
  7 hell rats (Lair:1)
  Ijyb (D:3)
  Natasha (thrice) (D:3)
  5 iguanas
  A boggart zombie (D:11)
  26 orc wizards
  11 gnolls
  2 howler monkey skeletons (D:11)
  17 adders
  5 river rats
  15 white imps
  2 ufetubi
  2 worms (D:2)
  3 dart slugs
  68 orcs
  5 endoplasms
  5 giant cockroaches
  9 goblins
  11 hobgoblins
  7 jackals
  3 quokkas
  12 ball pythons
  5 bats
  6 frilled lizards
  18 kobolds
  6 rats
702 creatures vanquished.

Vanquished Creatures (others)
  A hydra (Lair:5)
  2 will-o-the-wisps (Swamp:1)
  2 bloated husks (Swamp:1)
  A swamp drake (D:10)
  An orc wizard (D:12)
  An orc (Orc:2)
  2 foxfires (Swamp:1)
  50 fungi
  136 plants
196 creatures vanquished.

Grand Total: 898 creatures vanquished

Notes
Turn   | Place    | Note
-------+----------+-------------------------------------------
     0 | D:1      | themarg the Merfolk Gladiator began the quest for the Orb.
     0 | D:1      | Reached XP level 1. HP: 16/16 MP: 1/1
   129 | D:1      | Reached XP level 2. HP: 9/23 MP: 2/2
   412 | D:1      | Found Bisikek's Armour Emporium.
  1046 | D:2      | Reached XP level 3. HP: 20/29 MP: 3/3
  1104 | D:2      | Reached skill level 5 in Polearms
  1293 | D:2      | Identified the +1 ring mail "Zilax" {Str+5}
  1402 | D:2      | Reached XP level 4. HP: 34/35 MP: 4/4
  1569 | D:2      | Found a runed translucent door.
  1570 | D:2      | Noticed Crazy Yiuf
  2010 | D:3      | Reached XP level 5. HP: 10/42 MP: 5/5
  2186 | D:3      | Noticed Natasha
  2189 | D:3      | Killed Natasha
  2222 | D:3      | Noticed Sigmund
  2745 | D:3      | Noticed Ijyb
  2763 | D:3      | Killed Ijyb
  2926 | D:3      | Noticed Natasha
  2947 | D:3      | Killed Sigmund
  2948 | D:3      | Reached skill level 5 in Fighting
  2948 | D:3      | Reached XP level 6. HP: 49/51 MP: 6/6
  2988 | D:3      | Killed Natasha
  3097 | D:3      | Noticed Natasha
  3103 | D:3      | Killed Natasha
  3323 | D:4      | Reached XP level 7. HP: 56/56 MP: 7/7
  3723 | D:4      | Found a glowing drain.
  3728 | Sewer    | Entered a sewer
  3779 | Sewer    | Reached skill level 10 in Polearms
  4096 | Sewer    | Reached XP level 8. HP: 55/62 MP: 8/8
  5261 | D:5      | Entered Level 5 of the Dungeon
  5531 | D:5      | Found Etzul's Weapon Boutique.
  5660 | D:5      | Found a staircase to the Ecumenical Temple.
  5698 | D:5      | Reached XP level 9. HP: 40/68 MP: 9/9
  5962 | Temple   | Entered the Ecumenical Temple
  6027 | Temple   | Became a worshipper of Gozag Ym Sagoz the Greedy
  6330 | D:6      | Found a hazy altar of Hepliaklqana.
  6535 | D:6      | Reached skill level 5 in Dodging
  6739 | D:6      | Found a shimmering blue altar of Sif Muna.
  6900 | D:6      | Found an ornate altar of the Wu Jian Council.
  6904 | D:6      | Found a hide-covered altar of Uskayaw.
  6908 | D:6      | Found a sacrificial altar of Ru.
  7552 | D:7      | Found a sparkling altar of Nemelex Xobeh.
  7756 | D:7      | Noticed a two-headed ogre
  7768 | D:7      | Killed a two-headed ogre
  7769 | D:7      | Reached XP level 10. HP: 70/85 MP: 10/10
  7882 | D:7      | Reached skill level 10 in Fighting
  7893 | D:7      | Found a glowing silver altar of Zin.
  8493 | D:8      | Reached skill level 5 in Throwing
  8813 | D:8      | Identified the amulet of the First Artisans {Reflect rCorr
                  | SH+5 SInv Stlth+}
  9072 | D:8      | Found Cell's Jewellery Shop.
  9292 | D:9      | Found a broken altar of Ashenzari.
  9367 | D:9      | Found a runed translucent door.
  9370 | D:9      | Noticed mistaj's ghost (novice VSFi)
  9413 | D:9      | Found a glowing golden altar of the Shining One.
  9653 | D:9      | Reached skill level 1 in Stealth
  9653 | D:9      | Reached skill level 1 in Evocations
  9699 | D:9      | Found an iron altar of Okawaru.
  9848 | D:9      | Noticed a deep elf pyromancer
  9874 | D:9      | Killed a deep elf pyromancer
  9875 | D:9      | Reached skill level 1 in Armour
 10059 | D:9      | Noticed a two-headed ogre
 10074 | D:9      | Killed a two-headed ogre
 10131 | D:9      | Noticed Joseph
 10149 | D:9      | Killed Joseph
 10150 | D:9      | Reached XP level 11. HP: 67/90 MP: 11/11
 10396 | D:9      | Found a bloodstained altar of Trog.
 10436 | D:9      | Got the Cyclopedia of Plutonic Ouranomancy
 10636 | D:10     | Entered Level 10 of the Dungeon
 10636 | D:10     | Noticed Fannar
 10636 | D:10     | Noticed a two-headed ogre
 10758 | D:10     | Found a snail-covered altar of Cheibriados.
 10993 | D:10     | Found a basalt altar of Yredelemnul.
 10997 | D:10     | Found a radiant altar of Vehumet.
 11628 | D:10     | Found a snail-covered altar of Cheibriados.
 11635 | D:10     | Found a basalt altar of Yredelemnul.
 11639 | D:10     | Found a radiant altar of Vehumet.
 12146 | D:10     | Killed Fannar
 12223 | D:10     | Found a staircase to the Orcish Mines.
 12384 | D:10     | Killed a two-headed ogre
 12497 | D:11     | Reached skill level 10 in Dodging
 12610 | D:11     | Reached skill level 5 in Armour
 12764 | D:11     | Found a staircase to the Lair.
 13029 | D:11     | Noticed a cyclops
 13134 | D:11     | Killed a cyclops
 13172 | D:11     | Noticed a necromancer
 13182 | D:11     | Noticed a necromancer
 13204 | D:11     | Reached XP level 12. HP: 65/97 MP: 12/12
 13996 | D:11     | Noticed a boulder beetle
 14012 | D:11     | Killed a boulder beetle
 14890 | Lair:1   | Entered Level 1 of the Lair of Beasts
 15661 | Lair:1   | Reached skill level 10 in Armour
 16040 | Lair:1   | Reached skill level 1 in Shields
 16410 | Lair:1   | Noticed a boulder beetle
 16425 | Lair:1   | Killed a boulder beetle
 16426 | Lair:1   | Reached XP level 13. HP: 58/104 MP: 13/13
 17970 | Lair:2   | Reached skill level 5 in Shields
 18542 | Lair:2   | Found a staircase to the Snake Pit.
 19422 | Lair:3   | Found a staircase to the Swamp.
 19451 | Lair:3   | HP: 3/107 [black mamba (14)]
 21722 | Lair:3   | Noticed Gastronok
 21817 | Lair:3   | Killed Gastronok
 22891 | Lair:4   | Reached XP level 14. HP: 76/120 MP: 14/14
 24546 | Lair:5   | Entered Level 5 of the Lair of Beasts
 24583 | Lair:5   | Found a staircase to the Slime Pits.
 25120 | Lair:5   | Reached skill level 15 in Fighting
 25655 | Lair:5   | Got Ennael's Notes on Shivering Transformation
 26104 | Lair:5   | Reached skill level 15 in Dodging
 27670 | D:12     | Reached XP level 15. HP: 102/129 MP: 15/15
 27744 | D:12     | Found an ornate altar of the Wu Jian Council.
 28914 | Orc:1    | Entered Level 1 of the Orcish Mines
 29888 | Orc:1    | Found a radiant altar of Vehumet.
 30090 | Orc:2    | Entered Level 2 of the Orcish Mines
 30317 | Orc:2    | Found a staircase to the Elven Halls.
 30411 | Orc:2    | Reached skill level 10 in Shields
 31258 | Orc:2    | Reached skill level 5 in Evocations
 32853 | Orc:2    | Noticed an orc warlord
 33025 | Orc:2    | Killed an orc warlord
 33216 | Orc:2    | Found Liycatz's Antique Armour Shop.
 33217 | Orc:2    | Found Xaenka's Antique Weapon Boutique.
 33219 | Orc:2    | Found Zaev's General Store.
 33219 | Orc:2    | Found Citsali's Jewellery Shop.
 33690 | Swamp:1  | Entered Level 1 of the Swamp
 33737 | Swamp:1  | Killed by an exploding bloated husk

Illustrated notes

Levels and vault maps discovered:
D:1:      minmay_arrival_floating_metal, layout_basic, serial_shops,
          nicolae_square_shop, st_stairs_14, minmay_misc_feat_rows,
          minmay_misc_feat_square
D:2:      layout_rooms, due_unseen_surprise, uniq_crazy_yiuf_cottage
D:3:      minmay_door_path, layout_loops_cross, nicolae_half_adder,
          uniq_natasha, uniq_ijyb, uniq_sigmund
D:4:      minmay_spotlight, layout_basic, portal_sewer_entry_e,
          grunt_decor_resistance
D:5:      layout_rooms, minmay_temple_entry_butterflies, serial_shops, shop
D:6:      layout_loops_ring, marbit_many_paths,
          mainiacjoe_overflow_surrounded_room, grunt_temple_overflow_diamond,
          water_maze_lemuel
D:7:      layout_gridville, nemelex_xobeh_ov_fountains_minmay,
          mainiacjoe_overflow_catwalk, hangedman_decor_push
D:8:      layout_basic, serial_shops, nicolae_shop_trees, nrook_loot_triangle,
          hex_intersection
D:9:      layout_loops_ring, lemuel_crystal_altar, trog_butcher_becter,
          nicolae_ashenzari_panopticon, lemuel_crystal_altar,
          ebering_ghost_reflecting_pool, hangedman_decor_growths, uniq_joseph
D:10:     layout_cave_pools, minitemple, erik_orc_1, uniq_fannar
D:11:     hangedman_screamer, layout_stronghold, grunt_lair_entry_orc_guard_hut,
          serial_rivers, chequers_serial_rivers_micro_b,
          chequers_serial_rivers_micro_b, chequers_serial_rivers_small_a,
          chequers_serial_rivers_room_b
D:12:     layout_irregular_city, nicolae_wu_jian_wuxing_cycle
Temple:   nicolae_temple_two_arcs
Lair:1:   layout_layer_cave, serial_bayou, serial_bayou_crossing,
          serial_bayou_lagoon_a, serial_bayou_pond_c, serial_bayou_shore_b
Lair:2:   layout_cave_pods, nicolae_snake_entry_warm_welcome
Lair:3:   beast_lair_carwin_large_4, layout_hall_layers, swamp_mist,
          uniq_gastronok
Lair:4:   layout_hall_layers, portal_ice_cave_entry_imps,
          infiniplex_staircase_pool, grunt_megastairs_5
Lair:5:   minmay_lair_end_frog_pond, layout_gridlike,
          minmay_slime_entry_pillars, pond, infiniplex_staircase_pool_2
Swamp:1:  layout_falls_marsh, evilmike_swamp_ruin_house_1
Orc:1:    layout_diamond_mine, basic_altar, kennysheep_orc_chapel
Orc:2:    st_orc_congregation, layout_diamond_mine, nicolae_orc_lava_tube,
          nicolae_orc_rockfall

Skill      XL: |  1  2  3  4  5  6  7  8  9 10 11 12 13 14 15 |
---------------+----------------------------------------------+-----
Fighting       | 3 4 5 9 10 14 15 | 15.0
Polearms       | 5 8 10 13 14 | 14.0
Dodging        | 6 7 10 11 15 | 15.0
Throwing       | 6 |  6.0
Stealth        | 3 |  3.0
Evocations     | 2 5 |  5.0
Armour         | 2 6 10 | 10.7
Shields        | 3 5 8 10 | 10.0

Action                     |  1- 3 |  4- 6 |  7- 9 | 10-12 | 13-15 || total
---------------------------+-------+-------+-------+-------+-------++-------
  Melee: Trident           |   129 |   155 |   537 |  1091 |  2811 ||  4723
         Unarmed           |       |    39 |       |       |       ||    39
         Punch             |       |     1 |     3 |    19 |       ||    23
         Tailslap          |       |       |    15 |    22 |   128 ||   165
  Throw: Throwing net      |       |     1 |       |     1 |       ||     2
         Dart              |       |       |     7 |    52 |    17 ||    76
         Stone             |       |       |       |       |    10 ||    10
 Invoke: Potion Petition   |       |       |       |     3 |     6 ||     9
  Evoke: Wand              |       |       |       |     9 |    55 ||    64
         Condenser vane    |       |       |       |       |     3 ||     3
    Use: Potion            |       |     4 |       |     2 |     9 ||    15
         Scroll            |       |     7 |     2 |     6 |    11 ||    26
   Stab: Sleeping          |       |     1 |     1 |     4 |     9 ||    15
         Held in net/web   |       |     3 |       |       |       ||     3
         Distracted        |       |       |     1 |     6 |    28 ||    35
         Paralysed         |       |       |       |     2 |       ||     2
         Petrified         |       |       |       |       |    12 ||    12
         Confused          |       |       |       |       |     2 ||     2
         Petrifying        |       |       |       |       |     2 ||     2
 Armour: Leather armour    |    32 |     4 |       |       |       ||    36
         Skin              |       |    42 |       |       |       ||    42
         Ring mail         |       |    18 |    86 |   173 |   243 ||   520
         Chain mail        |       |       |       |       |    15 ||    15
  Dodge: Dodged            |    79 |    74 |   229 |   417 |  1448 ||  2247
  Block: Other             |       |       |     9 |   133 |       ||   142
         Reflection        |       |       |       |     2 |    26 ||    28
         Buckler           |       |       |       |       |  1069 ||  1069

Table legend: (Time is in decaauts)
 A = Elapsed time spent in this place.
 B = Non-inter-level travel time spent in this place.
 C = Inter-level travel time spent in this place.
 D = Time resting spent in this place.
 E = Time spent auto-exploring this place.
 F = Levels seen in this place.
 G = Mean time per level.
                   A        B        C        D        E       F      G
               +--------+--------+--------+--------+--------+-----+--------+
         Total |  31731 |  30581 |   1150 |   5356 |  17679 |  22 | 1442.3 |
       Dungeon |  15143 |  14497 |    646 |   1587 |   9562 |  12 | 1261.9 |
        Temple |     70 |     70 |      0 |      0 |      0 |   1 |   70.0 |
          Lair |  11562 |  11158 |    404 |   2224 |   6282 |   5 | 2312.4 |
         Swamp |     26 |     26 |      0 |      0 |      1 |   1 |   26.0 |
  Orcish Mines |   4360 |   4263 |     97 |   1533 |   1559 |   2 | 2180.0 |
         Sewer |    568 |    568 |      0 |     10 |    275 |   1 |  568.0 |
               +--------+--------+--------+--------+--------+-----+--------+

Top non-repeatable levels by time:
  Lair:3: 2915 daAuts
  Lair:1: 2534 daAuts
  Lair:4: 2445 daAuts
   Orc:1: 2292 daAuts
    D:11: 2268 daAuts
   Orc:2: 2068 daAuts
  Lair:2: 1856 daAuts
  Lair:5: 1811 daAuts
    D:10: 1769 daAuts
    D:12: 1488 daAuts
     D:3: 1479 daAuts
     D:9: 1414 daAuts
     D:4: 1287 daAuts
     D:8: 1174 daAuts
     D:6: 1133 daAuts
